 Dungeon Crawl Stone Soup version 0.17.0-24-gcfadda4 (webtiles) character file.

892 Ivanskos the Sneak (level 8, 0/42 HPs)
             Began as a Vine Stalker Monk on Nov 17, 2015.
             Was a Believer of Okawaru.
             Slain by an orc
             ... wielding a +1 dagger of distortion
              (13 damage)
             ... on level 5 of the Dungeon.
             The game lasted 00:33:35 (3923 turns).

Ivanskos the Sneak (Vine Stalker Monk)              Turns: 3923, Time: 00:33:35

Health: 0/42       AC:  2    Str: 16    XL:     8   Next: 6%
Magic:  0/10       EV: 15    Int: 10    God:    Okawaru [**....]
Gold:   175        SH:  0    Dex: 17    Spells: 0 memorised, 7 levels left

rFire  . . .     SeeInvis +     v - +2 dagger (holy)
rCold  . . .     Clarity  .     a - +0 robe
rNeg   . . .     SustAt   .     (no shield)
rPois  .         Gourm    .     (no helmet)
rElec  .         Spirit   +     (no cloak)
rCorr  .         Warding  .     (no gloves)
rMut   .         Stasis   .     (no boots)
MR     +....                    (no amulet)
Stlth  ++++......               e - ring of see invisible
                                l - +4 ring of slaying

@: somewhat resistant to hostile enchantments, stealthy
A: fangs 3, regeneration 2, magic shield, antimagic bite, no device heal 3, rot
immunity
a: Heroism, Renounce Religion


You were on level 5 of the Dungeon.
You worshipped Okawaru.
Okawaru was pleased with you.
You were very hungry.

You visited 1 branch of the dungeon, and saw 5 of its levels.

You collected 175 gold pieces.

Inventory:

Hand Weapons
 v - a +2 dagger of holy wrath (weapon)
Armour
 a - a +0 robe (worn)
Jewellery
 e - a ring of see invisible (right hand)
 l - a +4 ring of slaying (left hand)
 r - a +3 ring of evasion
 u - an uncursed ring of magical power {unknown}
Scrolls
 b - a scroll of fear
 d - a scroll of fog
 h - 2 scrolls of identify
 k - 2 scrolls of remove curse
 n - a scroll of enchant weapon
 p - a scroll of magic mapping
 q - a scroll of amnesia
 s - 2 scrolls of recharging
Potions
 g - 3 potions of heal wounds {unknown}
 j - a potion of curing {unknown}
 o - 2 potions of haste {unknown}
 t - a potion of degeneration {unknown}
Comestibles
 c - a meat ration
 f - a beef jerky
 i - 3 bread rations
 m - a slice of pizza


   Skills:
 + Level 4.4 Fighting
 + Level 0.1 Short Blades
 + Level 4.4 Dodging
 + Level 6.6 Stealth
 + Level 5.7 Unarmed Combat
 + Level 1.5 Invocations


You had 7 spell levels left.
You didn't know any spells.

Dungeon Overview and Level Annotations

Branches:
Dungeon (5/15)             Temple (0/1) D:4

Altars:
Dithmenos
Elyvilon
Kikubaaqudgha
Okawaru
Qazlal
Trog
Zin

Shops:
D:5 }=*%


Innate Abilities, Weirdness & Mutations

You have razor-sharp teeth.
You heal very quickly.
When hurt, damage is shared between your health and your magic reserves.
Your bite disrupts and absorbs the magic of your enemies.
Potions and wands cannot restore your health.
You are immune to rotting.


Message History

The ooze is almost dead.
The orc hits you with a flail. The ooze completely misses you.
You hit the ooze.
You kill the ooze!
Okawaru accepts your kill.
You hit the orc.
The orc is heavily wounded.
The orc misses you.
The orc hits you with a dagger of distortion.
Space warps horribly around you!
* * * LOW HITPOINT WARNING * * *
You barely miss the orc. You bite the orc. You drain its power.
You feel invigorated.
You kill the orc!
Okawaru accepts your kill. The orc misses you.
You hit the orc but do no damage. You bite the orc. You drain its power.
The orc is severely wounded.
The orc hits you but does no damage. Space warps horribly around you!
You die...

#...†###....#,,* **,,,*,*
#...##y##...#,,* **..,*,*
#....###....#,,* *..,,*,*
#..†........#*** *#.,,,*,*
##.........## *#..,,,,,*
.##.......## ####..,,,,,,*
..####.####*###.....,,,,,,*
..# ##.##.##.#.o)#.#*,,,*>*
.## #..##......#@#.#*****,*
## #.###....#.#)#.# *,* #
#(###...##.#...# *,* #
##.##.....#....## *,*
####..##..##...##.# *,*
.....#....##...#..# *,*
..####.##.#...##.## *,*
#...#..#.........# *,*
#.....#..........###### *<*


You could see an orc.

Vanquished Creatures
  The ghost of benitares the Sneak, an amateur SpEn (D:3)
  2 phantoms
  2 ogres (D:4)
  A giant frog skeleton (D:5)
  2 crimson imps
  A hound (D:4)
  A centaur skeleton (D:5)
  An orc priest (D:5)
  5 worker ants
  A hound skeleton (D:4)
  5 adders
  4 oozes
  5 worms
  6 giant geckos
  12 orcs
  A ball python (D:1)
  4 giant cockroaches
  4 goblins
  9 hobgoblins
  6 jackals
  3 kobolds
  2 quokkas
  8 bats
  A giant newt (D:2)
  14 rats
101 creatures vanquished.

Notes
Turn   | Place    | Note
--------------------------------------------------------------
     0 | D:1      | Ivanskos the Vine Stalker Monk began the quest for the Orb.
     0 | D:1      | Reached XP level 1. HP: 11/11 MP: 2/2
    65 | D:1      | Reached XP level 2. HP: 14/16 MP: 3/3
   603 | D:1      | Reached XP level 3. HP: 19/19 MP: 4/4
   951 | D:2      | Reached XP level 4. HP: 16/24 MP: 2/5
  1108 | D:2      | Found an iron altar of Okawaru.
  1119 | D:2      | Found a glowing silver altar of Zin.
  1132 | D:2      | Found a stormy altar of Qazlal.
  1141 | D:2      | Found an ancient bone altar of Kikubaaqudgha.
  1156 | D:2      | Became a worshipper of Warmaster Okawaru
  1156 | D:2      | Reached * piety under Okawaru
  1156 | D:2      | Reached ** piety under Okawaru
  1584 | D:3      | Noticed benitares's ghost (amateur SpEn)
  1601 | D:3      | Killed benitares's ghost
  1601 | D:3      | Reached XP level 5. HP: 18/28 MP: 6/6
  2521 | D:4      | Gained mutation: You heal very quickly. [Vine Stalker growth]
  2521 | D:4      | Reached XP level 6. HP: 17/32 MP: 7/7
  2528 | D:4      | Found a staircase to the Ecumenical Temple.
  2544 | D:4      | Noticed an ogre
  2548 | D:4      | Killed an ogre
  2548 | D:4      | Reached skill level 5 in Unarmed Combat
  2818 | D:4      | Reached skill level 5 in Stealth
  2906 | D:4      | Found a shadowy altar of Dithmenos.
  2906 | D:4      | Noticed a phantom
  2922 | D:4      | Killed a phantom
  2922 | D:4      | Reached skill level 1 in Invocations
  2922 | D:4      | Reached XP level 7. HP: 19/37 MP: 5/8
  3150 | D:4      | Noticed an ogre
  3159 | D:4      | Killed an ogre
  3341 | D:5      | Entered Level 5 of the Dungeon
  3341 | D:5      | Found Niel's Jewellery Shoppe.
  3350 | D:5      | Reached skill level 6 in Stealth
  3462 | D:5      | Found Zuedieb's Food Shop.
  3486 | D:5      | Found Mieviss's Assorted Antiques.
  3570 | D:5      | Found a white marble altar of Elyvilon.
  3570 | D:5      | Found a shadowy altar of Dithmenos.
  3745 | D:5      | Found Marynlua's Gadget Shoppe.
  3819 | D:5      | Noticed a moth of wrath
  3823 | D:5      | Found a bloodstained altar of Trog.
  3906 | D:5      | Gained mutation: You have razor-sharp teeth. [Vine Stalker growth]
  3906 | D:5      | Reached XP level 8. HP: 42/42 MP: 10/10
  3923 | D:5      | Slain by an orc

Action                   |  1- 3 |  4- 6 |  7- 9 || total
-------------------------+-------+-------+-------++-------
Melee: Unarmed           |    86 |    86 |    59 ||   231
       Dagger            |       |       |    15 ||    15
Invok: Heroism           |       |     1 |     3 ||     4
  Use: Scroll            |     2 |       |     9 ||    11
 Stab: Sleeping          |     5 |     8 |     7 ||    20
       Distracted        |       |       |     1 ||     1
  Eat: Bread ration      |       |     2 |       ||     2
